 Dungeon Crawl Stone Soup version 0.14.0-12-g87ee3b7 (webtiles) character file.

193 Bloax the Magician (level 4, -1/21 HPs)
             Began as a Vine Stalker Wizard on Apr 15, 2014.
             Slain by Grinder (4 damage)
             ... while paralysed by Grinder
             ... on Level 5 of the Dungeon.
             The game lasted 00:09:52 (1376 turns).

Bloax the Magician (Vine Stalker Wizard)            Turns: 1376, Time: 00:09:52

HP  -1/21        AC  5     Str 10      XL: 4   Next: 54%
MP   0/12        EV  2     Int 19      God:
Gold 105         SH  0     Dex 12      Spells:  3 memorised,  6 levels left

rFire  . . .     SeeInvis .     p - +0 dagger
rCold  . . .     Clarity  .     g - +2 leather armour
rNeg   . . .     Conserve .     (no shield)
rPois  .         rCorr    .     b - +0 hat
rElec  .         rRot     +     (no cloak)
SustAb . .       Spirit   +     (no gloves)
rMut   .         Warding  .     (no boots)
Saprov . . .     Stasis   .     (no amulet)
MR     .....                    (no ring)
                                e - ring of flight

@: paralysed, not resistant to hostile enchantments, fairly stealthy
A: fangs 2, regeneration 1, magic shield, antimagic bite, no device heal
a: Evoke Flight


You were on level 5 of the Dungeon.
You were very hungry.

You visited 1 branch of the dungeon, and saw 5 of its levels.
You also visited: Sewer.

You collected 105 gold pieces.


Innate Abilities, Weirdness & Mutations

You are immune to rotting.
You have extremely sharp teeth.
Your natural rate of healing is unusually fast.
When hurt, damage is shared between your health and your magic reserves.
Your bite disrupts and absorbs the magic of your enemies.
Potions and wands cannot restore your HP.


   Skills:
 + Level 0.1 Short Blades
 - Level 1.5 Dodging
 - Level 2.4 Stealth
 + Level 4.3 Spellcasting
 + Level 3.1 Conjurations
 - Level 1.0 Summonings
 - Level 1.0 Translocations


You had 6 spell levels left.
You knew the following spells:

 Your Spells              Type           Power        Failure   Level  Hunger
a - Magic Dart            Conj           ###.         4%          1    None
b - Blink                 Tloc           N/A          14%         2    #......
c - Call Imp              Summ           #.......     14%         2    #......


Dungeon Overview and Level Annotations

Branches:
Dungeon (5/15)
 Temple: D:4-7

Altars:

Annotations:
D:3 fino's ghost, average NaFE
D:5 Grinder

Inventory:

Hand weapons
 p - a +0,+0 dagger (weapon)
   (You took it off a kobold on level 3 of the Dungeon)
Armour
 b - a +0 hat (worn)
 g - a +2 leather armour (worn)
   (You found it on level 1 of the Dungeon)
Comestibles
 d - a bread ration
Scrolls
 f - a scroll of identify
 j - a scroll of immolation {!r}
 l - a scroll of noise {unknown}
 m - a scroll of blinking {unknown}
Jewellery
 e - a ring of flight (left hand)
   (You found it on level 2 of the Dungeon)
Potions
 a - 3 potions of magic
 k - 2 potions of curing {unknown}
 n - a potion of degeneration {unknown}
Books
 c - a book of Minor Magic

   Spells                             Type                      Level
   *Magic Dart                        Conjuration                  1
   *Blink                             Translocation                2
   *Call Imp                          Summoning                    2
   Repel Missiles                     Charms/Air                   2
   Slow                               Hexes                        2
   Conjure Flame                      Conjuration/Fire             3
   Mephitic Cloud                     Conjuration/Poison/Air       3
 i - a book of Frost
   (You found it on level 4 of the Dungeon)

   Spells                             Type                      Level
   Freeze                             Ice                          1
   Throw Frost                        Conjuration/Ice              2
   Ozocubu's Armour                   Charms/Ice                   3
   Throw Icicle                       Conjuration/Ice              4
   Summon Ice Beast                   Ice/Summoning                4
   Condensation Shield                Ice                          4

.# .## .# ... #.# #.##
#.####..
#########....#.#
###........###.#.######
......................#
###........###.#.####.##
#........# #..@......#
##############5####..#
#....%....# #.........#
#.........# ########.##
..# ..# ..#


You could see Grinder.


Message History

Moving in this stuff is going to be slow.
There is an open door here.
As you close the door, it creaks loudly!
Wield which item (- for none, * to show all)? (? for menu, Esc to quit)
You are wearing that object!
Wield which item (- for none, * to show all)? (? for menu, Esc to quit)
You are wearing that object!
You swing at nothing.
Wield which item (- for none, * to show all)? (? for menu, Esc to quit)
c - a book of Minor Magic (in hand)
You swing at nothing.
You swing at nothing.
You swing at nothing.
You are feeling very hungry.
You swing at nothing.
You swing at nothing.
You swing at nothing.
You swing at nothing.
You swing at nothing.
You swing at nothing.
You swing at nothing.
Eat which item? (? for menu, Esc to quit)
Okay, then.
You see here a giant mite corpse.
You see here a green rat corpse.
A quokka comes into view.
Wield which item (- for none, * to show all)? (? for menu, Esc to quit)
Okay, then.
Wield which item (- for none, * to show all)? (? for menu, Esc to quit)
p - a +0,+0 dagger (weapon)
The quokka bites you but does no damage.
You hit the quokka. You bite the quokka. You drain its power.
You feel invigorated.
You kill the quokka!
HP restored.
Magic restored.
Found a stone staircase leading down.
Grinder comes into view.
Found an apple.
Grinder gestures at you. You resist with significant effort.
You hit Grinder.
Grinder is lightly wounded.
Grinder hits you.
You barely miss Grinder.
Grinder is lightly wounded.
Grinder hits you.
You writhe in agony.
You hit Grinder.
Grinder is lightly wounded.
Grinder closely misses you. Grinder gestures at you.
Pain shoots through your body!
* * * LOW HITPOINT WARNING * * *
There is a stone staircase leading down here.
Grinder gestures at you.
You suddenly lose the ability to move!
Grinder hits you.
* * * LOW HITPOINT WARNING * * *
You writhe in agony.
* * * LOW HITPOINT WARNING * * *
Grinder hits you.
* * * LOW HITPOINT WARNING * * *
You writhe in agony.
* * * LOW HITPOINT WARNING * * *
Grinder hits you.
* * * LOW HITPOINT WARNING * * *
You writhe in agony.
* * * LOW HITPOINT WARNING * * *
Grinder hits you.
You die...

Action                   |  1- 3 |  4- 6 || total
-------------------------+-------+-------++-------
Melee: Unarmed           |    39 |       ||    39
       Dagger            |    87 |    56 ||   143
       Hand axe          |     1 |       ||     1
 Cast: Magic Dart        |    27 |    13 ||    40
       Call Imp          |     3 |       ||     3
  Use: Scroll            |     6 |       ||     6
 Stab: Sleeping          |     2 |       ||     2

Vault maps used:
D:1:      onia_arrival_mini_spirals
D:2:      hex_intersection
D:3:      minmay_bisected
D:4:      first_bread, minmay_small_thing
D:5:      serial_shops, kennysheep_mini_moat, gup_sewer_entry_bowl, uniq_grinder
Sewer:    sewer_kobolds

Notes
Turn   | Place    | Note
--------------------------------------------------------------
     0 | D:1      | Bloax, the Vine Stalker Wizard, began the quest for the Orb.
     0 | D:1      | Reached XP level 1. HP: 9/9 MP: 4/4
    47 | D:1      | HP: 2/9 [bat (1)]
    56 | D:1      | HP: 2/9 [bat (1)]
    62 | D:1      | HP: 2/9 [ball python (1)]
    68 | D:1      | HP: 2/9 [bat (1)]
    76 | D:1      | HP: 2/9 [ball python (1)]
    88 | D:1      | HP: 2/9 [giant newt (2)]
   314 | D:1      | Reached XP level 2. HP: 13/13 MP: 3/7
   375 | D:2      | Reached skill level 2 in Conjurations
   503 | D:1      | Learned a level 2 spell: Blink
   506 | D:1      | Learned a level 2 spell: Call Imp
   616 | D:2      | Reached XP level 3. HP: 16/16 MP: 9/9
   879 | D:3      | Reached skill level 4 in Spellcasting
   883 | D:3      | HP: 4/16 [orc/flail (5)]
   968 | D:3      | Noticed fino's ghost (average NaFE)
   976 | D:4      | Noticed a phantom
   998 | D:4      | Reached XP level 4. HP: 14/21 MP: 3/12
  1044 | D:5      | Entered Level 5 of the Dungeon
  1110 | D:5      | HP: 3/21 [green rat (4)]
  1161 | D:5      | Reached skill level 3 in Conjurations
  1180 | D:5      | HP: 1/21 [green rat (5)]
  1211 | D:5      | HP: 5/21 [green rat (4)]
  1213 | D:5      | HP: 1/21 [green rat (5)]
  1271 | D:5      | Found a glowing drain.
  1275 | Sewer    | Entered a sewer
  1285 | D:5      | HP: 3/21 [green rat (5)]
  1362 | D:5      | Noticed Grinder
  1371 | D:5      | Paralysed by Grinder for 7 turns
  1375 | D:5      | HP: 4/21 [Grinder (2)]
  1376 | D:5      | Slain by Grinder

Vanquished Creatures
  A giant mite (D:5)
  2 green rats (D:5)
  An inept item mimic (D:2)
  A shadow imp (D:3)
  A giant gecko (D:2)
  An ooze (D:2)
  2 orcs (D:3)
  6 bats
  A bat zombie (D:3)
  A goblin (D:2)
  2 hobgoblins
  2 ball pythons
  5 giant newts
  A jackal skeleton (D:4)
  6 kobolds
  An orc skeleton (D:5)
  2 quokkas
  4 rats
40 creatures vanquished.

Vanquished Creatures (collateral kills)
  A worker ant (D:4)
1 creature vanquished.

Vanquished Creatures (others)
  A shadow imp (D:4)
1 creature vanquished.

Grand Total: 42 creatures vanquished
